 Dungeon Crawl Stone Soup version 0.21.1-1-g345015f (webtiles) character file.

46973 Daunt the Brawler (level 14, -1/124 (125) HPs)
             Began as a Ghoul Monk on Apr 30, 2018.
             Was a Follower of Uskayaw.
             Slain by a sixfirhy (2 damage)
             ... summoned by Frances
             ... on level 12 of the Dungeon.
             The game lasted 02:33:58 (23082 turns).

Daunt the Brawler (Ghoul Monk)                     Turns: 23082, Time: 02:33:58

HP:   -1/124 (125)  AC: 17    Str: 18    XL:     14   Next: 39%
MP:   15/19         EV: 22    Int:  6    God:    Uskayaw [*.....]
Gold: 1230          SH:  5    Dex: 17    Spells: 11/13 levels left

rFire    + . .     SeeInvis .     - Unarmed
rCold    + + +     Gourm    .   p - +0 buckler
rNeg     + + +     Faith    .   y - +2 scale mail {rC+}
rPois    ∞         Spirit   .   B - +0 hat
rElec    .         Reflect  .   t - scarf {rC+ rF+}
rCorr    .         Harm     .   I - +0 pair of gloves
MR       +....                  G - +0 pair of boots
Stlth    ++........             (no amulet)
HPRegen  0.00/turn              O - +3 ring of evasion
MPRegen  0.16/turn              H - +4 ring of protection

@: agile, about to teleport, rotting
A: rotting body, claws 1, carnivore, cold resistance 1, negative energy
resistance 3, inhibited regeneration, torment resistance, unbreathing
a: Stomp, Renounce Religion


You were on level 12 of the Dungeon.
You worshipped Uskayaw.
Uskayaw was aware of your devotion.
You were not hungry.

You visited 3 branches of the dungeon, and saw 19 of its levels.

You collected 1256 gold pieces.
You spent 26 gold pieces at shops.

Inventory:

Hand Weapons
 P - the +7 scimitar of Jemn {venom, Str+6, unknown}
   (You found it on level 6 of the Lair of Beasts)

   It poisons the flesh of those it strikes.
   It affects your strength (+6).
Missiles
 h - 376 stones (quivered)
Armour
 p - a +0 buckler (worn)
 t - a scarf of resistance (worn)
 y - a +2 scale mail of cold resistance (worn)
 B - a +0 hat (worn)
 G - a +0 pair of boots (worn)
 I - a +0 pair of gloves (worn)
 L - the +1 leather armour of Izyosuipn {rElec}
   (You found it on level 12 of the Dungeon)

   It insulates you from electricity.
Jewellery
 q - an uncursed ring of ice
 r - an uncursed ring of protection from magic
 v - an uncursed ring of resist corrosion
 D - an uncursed ring of protection from fire
 H - a +4 ring of protection (right hand)
 K - an uncursed ring of protection from cold
 O - a +3 ring of evasion (left hand)
Wands
 u - a wand of digging (20)
 A - a wand of iceblast (5)
 J - a wand of random effects (7)
 R - a wand of paralysis (22)
Scrolls
 a - 6 scrolls of identify
 d - a scroll of fog
 i - 2 scrolls of teleportation
 j - 2 scrolls of fear
 m - a scroll of enchant armour
 n - a scroll of remove curse
 o - a scroll of enchant weapon
 x - 3 scrolls of blinking
 F - 4 scrolls of amnesia
Potions
 e - 7 potions of curing
 f - 3 potions of haste
 g - 2 potions of heal wounds
 k - 2 potions of might
 l - a potion of agility
 s - 3 potions of flight
 w - 2 potions of magic
 z - a potion of brilliance
 C - a potion of resistance
 E - a potion of ambrosia
 N - a potion of invisibility
Comestibles
 b - 31 rations


   Skills:
 + Level 11.7 Fighting
 + Level 9.7 Armour
 - Level 7.0 Dodging
 - Level 4.1 Stealth
 - Level 4.0 Shields
 + Level 15.6 Unarmed Combat
 - Level 8.0 Invocations
 - Level 6.6 Evocations


You had 11 spell levels left.
You knew the following spells:

 Your Spells              Type           Power        Failure   Level  Hunger
a - Blink                 Tloc           N/A          89%         2    ###....


Dungeon Overview and Level Annotations

Branches:
Dungeon (12/15)            Temple (1/1) D:4            Lair (6/6) D:9
  Swamp (0/4) Lair:3        Snake (0/4) Lair:3        Slime (0/5) Lair:5
    Orc: D:9-12

Altars:
Ashenzari
Cheibriados
Dithmenos
Elyvilon
Fedhas
Gozag
Hepliaklqana
Kikubaaqudgha
Makhleb
Nemelex Xobeh
Okawaru
Qazlal
Ru
Sif Muna
Trog
Uskayaw
Vehumet
Wu Jian
Xom
Yredelemnul
Zin
The Shining One

Shops:
D:11 ?

Annotations:
D:6 Sigmund
D:9 Golfball's ghost, novice HOMo
D:12 Frances
Lair:3 exclusion: 3 oklob plants
Lair:4 exclusion: upstairs
Lair:5 exclusion: oklob plant


Innate Abilities, Weirdness & Mutations

Your body is rotting away.
You thrive on raw meat.
You are immune to poison.
You have sharp fingernails.
You are carnivorous and can eat meat at any time.
Your flesh is cold resistant. (rC+)
You are immune to negative energy. (rN+++)
You do not regenerate when monsters are visible.
You are immune to unholy pain and torment.
You can survive without breathing.


Message History

The soul eater completely misses you. The red devil misses you.
As you read the scroll of teleportation, it crumbles to dust.
You feel strangely unstable. Frances closely misses you.
The soul eater barely misses you. The red devil misses you.
Frances hits you with a halberd!
* * * LOW HITPOINT WARNING * * *
Aiming: Line Pass
Press: ? - help, Dir - move target cursor Frances appears confused.
The red devil appears confused.
You feel somewhat more hungry.
You can no longer pass through a line of other dancers.
You block the sixfirhy's attack.
The sixfirhy hits you but does no damage.
You block the sixfirhy's attack. The sixfirhy hits you.
* * * LOW HITPOINT WARNING * * *
The sixfirhy shocks you!
* * * LOW HITPOINT WARNING * * *
The sixfirhy hits you.
You die...

......##..######### #..#
......##...).....# #..#
......##.........# #...
......##..##.....####+#### #..5
......##(.##|....#.......# #..4
.................#@.##...# ..#...
.................#3.# ...#...#.)5
##'###############4.##...'...#.3.
................@3.......#...#...
...............#.........# ###.5.
####'########..#....##...........
....................##.....<.....
#####'##########'#...............
.................#...............
.................#...........
##################.(.........
..........


You could see a sixfirhy and a red devil (confused).

Vanquished Creatures
  The ghost of PresidentSkroob the Eclecticist, a journeyman SpEE of Vehumet (Lair:6)
  7 hydras
  A merfolk avatar (Lair:6)
  Erica (D:11)
  3 death yaks (Lair:5)
  6 two-headed ogres
  The ghost of litex the Fighter, a novice MiBe of Trog (D:7)
  Urug (Lair:2)
  An unseen horror (D:11)
  A phantasmal warrior (D:10)
  2 harpies (Lair:6)
  An ugly thing (D:12)
  A manticore (Lair:6)
  A salamander (shapeshifter) (D:12)
  Joseph (D:9)
  4 elephants (Lair:6)
  Psyche (D:9)
  A gargoyle (D:11)
  5 centaur skeletons
  14 spiny frogs
  3 rime drakes (Lair:6)
  11 komodo dragons
  2 trolls (D:9)
  10 polar bears
  A wind drake (Lair:6)
  A slime creature (Lair:4)
  3 hornets
  13 blink frogs
  A dream sheep (shapeshifter) (D:10)
  3 hippogriffs
  A shadow (D:12)
  7 wyverns
  10 yaks
  3 basilisks
  A swamp worm (Lair:3)
  10 water moccasins
  3 nagas (Lair:3)
  A soldier ant (D:11)
  6 porcupines
  A sky beast (D:11)
  3 black bears
  An orc warrior (D:6)
  6 ice beasts
  8 ogres
  2 phantoms
  4 boggarts (Lair:5)
  4 centaurs
  9 wolves
  8 crocodiles
  A big kobold (D:12)
  10 bullfrogs
  A water moccasin zombie (D:8)
  6 scorpions
  5 wights
  2 electric eels
  2 centaur zombies
  A bullfrog zombie (D:12)
  6 crimson imps
  3 hounds
  7 orc priests
  13 jellies
  Crazy Yiuf (D:6)
  A gnoll shaman (D:6)
  4 bullfrog skeletons
  16 orc wizards
  3 iguanas
  7 worker ants
  A killer bee zombie (D:7)
  Robin (D:3)
  15 gnolls
  17 adders
  4 shadow imps
  A white imp (D:4)
  20 oozes
  An adder skeleton (D:7)
  2 adder zombies (D:5)
  3 worms
  7 leopard geckos
  39 orcs
  7 giant cockroaches
  12 goblins
  14 hobgoblins
  24 jackals
  5 quokkas
  A ball python (D:4)
  9 bats
  7 frilled lizards
  A goblin zombie (D:4)
  6 hobgoblin zombies (D:4)
  6 kobolds
  4 kobold skeletons (D:4)
  2 kobold zombies (D:4)
  2 leopard gecko skeletons
  An orc zombie (D:4)
  9 rats
  A fungus (Lair:6)
501 creatures vanquished.

Vanquished Creatures (others)
  21 fungi
  16 plants
37 creatures vanquished.

Grand Total: 538 creatures vanquished

Notes
Turn   | Place    | Note
-------+----------+-------------------------------------------
     0 | D:1      | Daunt the Ghoul Monk began the quest for the Orb.
     0 | D:1      | Reached XP level 1. HP: 19/19 MP: 0/0
   252 | D:1      | Reached XP level 2. HP: 26/26 MP: 1/1
   903 | D:1      | Reached XP level 3. HP: 32/32 MP: 2/2
   937 | D:1      | Reached skill level 4 in Unarmed Combat
  1602 | D:2      | Reached XP level 4. HP: 38/40 MP: 3/3
  1782 | D:2      | Reached skill level 5 in Unarmed Combat
  1965 | D:2      | Found a basalt altar of Yredelemnul.
  2736 | D:3      | Reached XP level 5. HP: 42/46 MP: 4/4
  2769 | D:3      | Found a sacrificial altar of Ru.
  2849 | D:3      | Noticed Robin
  2866 | D:3      | Killed Robin
  3035 | D:3      | Reached skill level 6 in Unarmed Combat
  3225 | D:4      | Noticed an ogre
  3589 | D:4      | Reached XP level 6. HP: 52/52 MP: 5/5
  3775 | D:4      | Reached skill level 7 in Unarmed Combat
  3993 | D:4      | Reached XP level 7. HP: 18/59 MP: 6/6
  4251 | D:4      | Reached skill level 8 in Unarmed Combat
  4389 | D:4      | Found a glowing golden altar of the Shining One.
  4468 | D:4      | Found a staircase to the Ecumenical Temple.
  4584 | Temple   | Entered the Ecumenical Temple
  4773 | Temple   | Became a worshipper of Uskayaw the Reveler
  4773 | Temple   | Reached * piety under Uskayaw
  4986 | D:5      | Entered Level 5 of the Dungeon
  5003 | D:5      | Reached ** piety under Uskayaw
  5113 | D:5      | Reached *** piety under Uskayaw
  5211 | D:5      | Found an iron altar of Okawaru.
  5422 | D:5      | Noticed an angel
  5423 | D:5      | Found a shimmering altar of Xom.
  5454 | D:5      | Reached XP level 8. HP: 66/66 MP: 7/7
  5486 | D:5      | Reached skill level 9 in Unarmed Combat
  5486 | D:5      | Reached skill level 1 in Invocations
  5510 | D:5      | Found an opulent altar of Gozag.
  5525 | D:5      | Lost intelligence.
  5573 | D:5      | Found a glowing silver altar of Zin.
  5783 | D:6      | Reached skill level 1 in Armour
  5783 | D:6      | Reached skill level 1 in Evocations
  5793 | D:6      | Reached **** piety under Uskayaw
  6199 | D:6      | Found a deep blue altar of Sif Muna.
  6261 | D:6      | Noticed Sigmund
  6370 | D:6      | Reached skill level 5 in Fighting
  6417 | D:6      | Reached XP level 9. HP: 57/74 MP: 10/10
  6547 | D:6      | Found a runed door.
  6551 | D:6      | Noticed Crazy Yiuf
  6557 | D:6      | Killed Crazy Yiuf
  6721 | D:7      | Noticed litex's ghost (novice MiBe)
  7175 | D:7      | Killed litex's ghost
  7175 | D:7      | Reached skill level 10 in Unarmed Combat
  7368 | D:7      | Reached skill level 5 in Dodging
  7582 | D:7      | Reached XP level 10. HP: 66/81 MP: 12/12
  7746 | D:8      | Found a bloodstained altar of Trog.
  7755 | D:8      | Noticed a two-headed ogre
  7762 | D:8      | Killed a two-headed ogre
  7991 | D:8      | Reached skill level 5 in Invocations
  8177 | D:8      | Noticed a two-headed ogre
  8508 | D:8      | Killed a two-headed ogre
  8605 | D:8      | Noticed a two-headed ogre
  9192 | D:9      | Found a transporter.
  9200 | D:9      | Noticed a five-headed hydra
  9206 | D:9      | Found an ancient bone altar of Kikubaaqudgha.
  9206 | D:9      | Found a shadowy altar of Dithmenos.
  9458 | D:9      | Noticed a two-headed ogre
  9463 | D:9      | Killed a two-headed ogre
  9463 | D:9      | Reached skill level 5 in Armour
  9463 | D:9      | Reached skill level 5 in Evocations
  9510 | D:9      | Noticed Golfball's ghost (novice HOMo)
  9716 | D:9      | Noticed a two-headed ogre
  9723 | D:9      | Killed a two-headed ogre
  9723 | D:9      | Reached XP level 11. HP: 79/92 MP: 14/14
  9727 | D:9      | Found a blossoming altar of Fedhas.
  9775 | D:9      | Found a staircase to the Lair.
  9804 | D:9      | Found a transporter.
  9819 | D:9      | Noticed Psyche
  9827 | D:9      | Killed Psyche
  9857 | D:9      | Found a burning altar of Makhleb.
  9885 | D:9      | Noticed Joseph
  9911 | D:9      | Killed Joseph
  9911 | D:9      | Reached skill level 11 in Unarmed Combat
 10035 | D:9      | Found a white marble altar of Elyvilon.
 10083 | D:10     | Entered Level 10 of the Dungeon
 10233 | D:9      | Reached ***** piety under Uskayaw
 10642 | D:10     | Learned a level 2 spell: Blink
 10770 | D:10     | Found an iron altar of Okawaru.
 11090 | D:11     | Noticed a six-headed hydra
 11097 | D:11     | Noticed a two-headed ogre
 11098 | D:11     | Killed a six-headed hydra
 11105 | D:11     | Found Jyikieri's Magic Scroll Shop.
 11201 | D:11     | Killed a two-headed ogre
 11270 | D:11     | Bought a scroll of identify for 26 gold pieces
 11323 | D:11     | Noticed Erica
 11343 | D:11     | Killed Erica
 11410 | D:11     | Noticed a death knight
 11411 | D:11     | Noticed a phantasmal warrior
 11539 | D:10     | Killed a phantasmal warrior
 11621 | Lair:1   | Entered Level 1 of the Lair of Beasts
 11736 | Lair:1   | Reached XP level 12. HP: 48/103 MP: 16/16
 12552 | Lair:1   | Reached skill level 12 in Unarmed Combat
 12939 | Lair:2   | Noticed Urug
 12964 | Lair:2   | Killed Urug
 13110 | Lair:2   | Noticed a six-headed hydra
 14152 | Lair:3   | Noticed a five-headed hydra
 14520 | Lair:3   | Found a staircase to the Swamp.
 14688 | Lair:3   | Killed a five-headed hydra
 14688 | Lair:3   | Reached skill level 13 in Unarmed Combat
 14859 | Lair:3   | Found a staircase to the Snake Pit.
 16264 | Lair:4   | Noticed a four-headed hydra
 16292 | Lair:4   | Killed a four-headed hydra
 16292 | Lair:4   | Reached skill level 14 in Unarmed Combat
 16563 | Lair:4   | Reached XP level 13. HP: 77/111 MP: 18/18
 17220 | Lair:5   | Got a crude chain mail
 17241 | Lair:5   | Identified the cursed +0 chain mail "Evabeaq" {rN+} (You found it on level 5 of the Lair of Beasts)
 18528 | Lair:5   | Found a staircase to the Slime Pits.
 18638 | Lair:5   | Reached skill level 10 in Fighting
 19065 | Lair:6   | Entered Level 6 of the Lair of Beasts
 19515 | Lair:6   | Found a labyrinth entrance.
 19572 | Lair:6   | Reached ****** piety under Uskayaw
 19711 | Lair:6   | Reached skill level 15 in Unarmed Combat
 19860 | Lair:6   | Reached skill level 1 in Shields
 19909 | Lair:6   | Noticed PresidentSkroob's ghost (journeyman SpEE)
 19984 | Lair:6   | Killed PresidentSkroob's ghost
 20244 | Lair:6   | Reached XP level 14. HP: 113/124 MP: 19/19
 20683 | Lair:6   | Got a brightly glowing scimitar
 22234 | D:12     | Got a warped leather armour
 22245 | D:12     | Identified the +1 leather armour of Izyosuipn {rElec} (You found it on level 12 of the Dungeon)
 22717 | D:12     | Noticed Frances
 23082 | D:12     | HP: 1/124 [sixfirhy[Frances] (12)]
 23082 | D:12     | Slain by a sixfirhy

Skill      XL: |  1  2  3  4  5  6  7  8  9 10 11 12 13 14 |
---------------+-------------------------------------------+-----
Fighting       | 4 5 6 7 8 9 11 | 11.7
Unarmed Combat | 4 5 6 7 8 9 10 11 14 15 | 15.6
Dodging        | 3 4 5 6 7 |  7.0
Stealth        | 3 4 |  4.1
Invocations    | 3 4 6 7 8 |  8.0
Armour         | 2 3 5 6 7 9 |  9.7
Evocations     | 2 3 5 6 |  6.6
Shields        | 3 4 |  4.0

Action                   |  1- 3 |  4- 6 |  7- 9 | 10-12 | 13-15 || total
-------------------------+-------+-------+-------+-------+-------++-------
Melee: Unarmed           |   100 |   220 |   365 |   744 |   697 ||  2126
       Punch             |       |     4 |    20 |    21 |    22 ||    67
Throw: Stone             |     6 |     4 |     9 |    20 |    18 ||    57
Invok: Line Pass         |       |       |     2 |     2 |     2 ||     6
       Stomp             |       |       |       |       |     1 ||     1
Evoke: Wand              |       |       |       |    22 |     1 ||    23
  Use: Scroll            |       |     8 |     6 |    17 |    11 ||    42
       Potion            |       |       |     1 |     2 |     2 ||     5
 Stab: Sleeping          |     4 |       |       |       |       ||     4
       Paralysed         |       |       |    10 |    32 |    25 ||    67
  Eat: Chunk             |     4 |     9 |    21 |    55 |    66 ||   155
Armor: Robe              |     7 |       |       |       |       ||     7
       Scale mail        |    12 |    86 |   108 |    75 |   198 ||   479
       Plate armour      |       |       |       |   190 |    23 ||   213
Dodge: Dodged            |    37 |   125 |   130 |   327 |   470 ||  1089
Block: Buckler           |       |       |       |       |    66 ||    66
